 Dungeon Crawl Stone Soup version 0.22-a0-479-gc6e99f3 (webtiles) character file.

2064 Darkshadow the Basher (level 9, -12/82 HPs)
             Began as a Minotaur Berserker on June 14, 2018.
             Was an Elder of Trog.
             Mangled by a death yak (17 damage)
             ... on level 7 of the Dungeon.
             The game lasted 00:37:28 (8923 turns).

Darkshadow the Basher (Minotaur Berserker)          Turns: 8923, Time: 00:37:28

Health: -12/82     AC: 12    Str: 27    XL:     9   Next: 5%
Magic:  8/8        EV:  7    Int:  4    God:    Trog [****..]
Gold:   302        SH:  6    Dex: 10    Spells: 8/8 levels left

rFire    . . .     SeeInvis .   a - +1 mace
rCold    + . .     Gourm    .   K - +3 buckler of Rafab {rC+ rN+}
rNeg     + . .     Faith    .   t - +1 plate armour
rPois    .         Spirit   .   (helmet restricted)
rElec    .         Reflect  .   (no cloak)
rCorr    .         Harm     .   (no gloves)
MR       .....                  (no boots)
Stlth    ..........             (no amulet)
HPRegen  0.23/turn              C - +2 ring of strength
MPRegen  0.11/turn              G - ring of loudness (curse)

@: berserk cooldown, very slightly contaminated, starving, slowed, very slow
A: retaliatory headbutt, horns 2
a: Berserk, Trog's Hand, Brothers in Arms, Renounce Religion


You were on level 7 of the Dungeon.
You worshipped Trog.
Trog was greatly pleased with you.
You were starving.

You visited 1 branch of the dungeon, and saw 8 of its levels.

You collected 302 gold pieces.

Inventory:

Hand Weapons
 a - a +1 mace (weapon)
 b - a +0 blowgun
 g - a cursed -1 trident
Missiles
 d - 30 poisoned needles
 h - 4 needles of confusion
 j - 118 stones (quivered)
 H - 5 curare-tipped needles
Armour
 m - a +0 scale mail
 q - a +0 scale mail
 r - a +0 animal skin
 t - a +1 plate armour (worn)
 u - a +0 scale mail
 v - a +0 scale mail
 K - the +3 buckler of Rafab (worn) {rC+ rN+}
   (You found it on level 7 of the Dungeon)

   It protects you from cold.
   It protects you from negative energy.
Jewellery
 p - an uncursed ring of protection from fire {unknown}
 w - an uncursed ring of positive energy
 x - a +4 ring of protection {unknown}
 y - an uncursed ring of protection from fire {unknown}
 C - a +2 ring of strength (left hand)
 G - a cursed ring of loudness (right hand)
Wands
 z - a wand of polymorph (5)
Scrolls
 n - 5 scrolls of immolation
 o - a scroll of fog
 s - a scroll of blinking
 E - a scroll of teleportation
 F - 2 scrolls of identify {@r1}
 J - 2 scrolls of enchant weapon
 L - a scroll of remove curse {@r2}
Potions
 e - a potion of resistance
 f - 2 potions of heal wounds
 i - 2 potions of haste
 k - 2 potions of brilliance {unknown}
 l - 3 potions of lignification
 A - a potion of mutation
 B - a potion of degeneration {unknown}
 D - a potion of berserk rage
 I - a potion of curing {@q1}
 M - a potion of experience {unknown}
Comestibles
 c - 12 rations


   Skills:
 + Level 8.9 Fighting
 * Level 11.3 Maces & Flails
 - Level 3.7 Armour
 - Level 3.3 Dodging


You had 8 spell levels left.
You didn't know any spells.
Your spell library was empty.

Dungeon Overview and Level Annotations

Branches:
Dungeon (8/15)             Temple (0/1) D:6
   Lair: D:8-11

Altars:
Ashenzari
Fedhas
Gozag
Makhleb
Ru
Trog
Xom
The Shining One

Shops:
D:6 *


Innate Abilities, Weirdness & Mutations

You reflexively headbutt those who attack you in melee.
You have a pair of horns on your head.


Message History

The death yak gores you but does no damage.
You are too injured to fight recklessly!
You sock the death yak!
You headbutt the death yak, but do no damage.
The death yak is almost dead.
The death yak gores you but does no damage.
You hit the death yak but do no damage.
You headbutt the death yak, but do no damage.
The death yak is almost dead.
The death yak gores you but does no damage.
The death yak gores you!
* * * LOW HITPOINT WARNING * * *
Okay, then.
Okay, then.
Blink to where?
Press: ? - help, Dir - move target cursor You are very lightly contaminated with residual magic.
As you read the scroll of blinking, it crumbles to dust.
The death yak gores you!
You die...

###.## #..###.......###..## #.#
#..#................ #.#
#................... ##+##
##.######.##.##.####. ##...##
#..# #.##.##.# #. #.....## #.##
#.##.##.# ## .......## ##.##
#<##.##.## #
........####...######........####
........'......Y@...............'
........####...#########.#...####
.......######.#### #.##.## #
#.....###......Y.# ##...##
##.).## #.###.##.# #..#..# ##'##
#.###.##.# #.###.# #.# #.##...#.#
#..#..# #.# #.##...#.# ##...##
###.## #.##...#.# ##.##


You could see a death yak.

Vanquished Creatures
  Edmund (D:4)
  3 ogres
  A phantom (D:6)
  5 centaurs
  2 bullfrogs
  A howler monkey (D:4)
  A bullfrog zombie (D:6)
  2 crimson imps
  3 hounds
  14 orc wizards
  3 orc priests
  An iron imp (D:5)
  3 worker ants
  A killer bee zombie (D:5)
  A hound skeleton (D:6)
  2 howler monkey skeletons
  5 adders
  A shadow imp (D:6)
  An adder skeleton (D:4)
  3 worms
  3 dart slugs
  2 leopard geckos
  35 orcs
  6 bats
  7 giant cockroaches
  7 goblins
  12 hobgoblins
  3 quokkas
  A ball python (D:4)
  A ball python skeleton (D:5)
  6 frilled lizards
  3 goblin zombies (D:5)
  2 hobgoblin zombies (D:5)
  11 kobolds
  2 kobold skeletons (D:5)
  A leopard gecko zombie (D:5)
  2 orc skeletons (D:5)
  An orc zombie (D:5)
  A quokka zombie (D:7)
  A rat (D:1)
161 creatures vanquished.

Notes
Turn   | Place    | Note
-------+----------+-------------------------------------------
     0 | D:1      | Darkshadow the Minotaur Berserker began the quest for the Orb.
     0 | D:1      | Reached XP level 1. HP: 19/19 MP: 0/0
   191 | D:1      | Reached XP level 2. HP: 27/27 MP: 1/1
   450 | D:1      | Reached skill level 4 in Maces & Flails
   543 | D:1      | Reached ** piety under Trog
   543 | D:1      | Reached XP level 3. HP: 33/33 MP: 2/2
  1759 | D:3      | Reached XP level 4. HP: 40/41 MP: 3/3
  2144 | D:3      | Found a blossoming altar of Fedhas.
  2736 | D:3      | Reached XP level 5. HP: 47/47 MP: 4/4
  2759 | D:3      | Found a sacrificial altar of Ru.
  2783 | D:3      | Reached skill level 5 in Maces & Flails
  3087 | D:3      | Found a shimmering altar of Xom.
  3087 | D:3      | Found a burning altar of Makhleb.
  3103 | D:3      | Reached skill level 5 in Fighting
  3976 | D:4      | Reached XP level 6. HP: 56/56 MP: 5/5
  3983 | D:4      | Reached skill level 6 in Maces & Flails
  4182 | D:4      | Reached *** piety under Trog
  4612 | D:4      | Reached skill level 7 in Maces & Flails
  4793 | D:4      | Noticed Edmund
  4802 | D:4      | Killed Edmund
  4802 | D:4      | Reached XP level 7. HP: 63/63 MP: 6/6
  4879 | D:4      | Reached skill level 8 in Maces & Flails
  5259 | D:5      | Entered Level 5 of the Dungeon
  5847 | D:5      | Reached skill level 9 in Maces & Flails
  5847 | D:5      | Reached XP level 8. HP: 56/73 MP: 7/7
  5898 | D:4      | Reached **** piety under Trog
  6411 | D:5      | Found a shattered altar of Ashenzari.
  6447 | D:5      | Found a bloodstained altar of Trog.
  6490 | D:5      | Found a glowing golden altar of the Shining One.
  7206 | D:6      | Found a staircase to the Ecumenical Temple.
  7268 | D:6      | Found an opulent altar of Gozag.
  7332 | D:6      | Reached skill level 10 in Maces & Flails
  7385 | D:6      | Found Boisiq's General Store.
  7954 | D:7      | Got a warped buckler
  7960 | D:7      | Identified the +3 buckler of Rafab {rC+ rN+} (You found it on level 7 of the Dungeon)
  8620 | D:7      | Reached skill level 11 in Maces & Flails
  8752 | D:7      | Reached XP level 9. HP: 65/82 MP: 8/8
  8893 | D:8      | Noticed a death yak
  8903 | D:8      | Noticed a death yak
  8904 | D:8      | Noticed a death yak
  8905 | D:8      | Noticed a death yak
  8909 | D:8      | Noticed a death yak
  8910 | D:8      | Noticed a death yak
  8915 | D:7      | HP: 1/82 [death yak (19)]
  8923 | D:7      | Mangled by a death yak

Vault maps used:
D:1:      matt_arrival_los_fun
D:3:      grunt_temple_overflow_champion_of_chaos, fedhas_altar_fruit_tree,
          first_ration, nicolae_ru_sacrificial_ziggurat
D:4:      uniq_edmund
D:5:      ashenzari_altar_1, kennysheep_mini, nicolae_tso_besieged_by_evil
D:6:      lemuel_round_altar, minmay_temple_entry_glass, serial_shops,
          nicolae_shop_temple_entry_statues_fountains, nrook_loot_triangle,
          kennysheep_generic_room_9
D:7:      minmay_flawed_box
D:8:      minitemple, dpeg_lair_monsters, david_nohive_1

Skill      XL: |  1  2  3  4  5  6  7  8 |
---------------+-------------------------+-----
Fighting       | 4 5 6 7 8 |  8.9
Maces & Flails | 4 5 7 9 11 | 11.3
Armour         | 3 |  3.7
Dodging        | 3 |  3.3

Action                   |  1- 3 |  4- 6 |  7- 9 || total
-------------------------+-------+-------+-------++-------
Melee: Mace              |    78 |   124 |   175 ||   377
       Headbutt          |    13 |    18 |    33 ||    64
 Fire: Blowgun           |       |     4 |    47 ||    51
Throw: Stone             |    30 |     6 |       ||    36
Invok: Berserk           |     2 |     4 |     2 ||     8
  Use: Scroll            |       |     8 |    10 ||    18
       Potion            |       |       |     2 ||     2
  Eat: Chunk             |     3 |    10 |    11 ||    24
       Ration            |       |     1 |     1 ||     2
Armor: Animal skin       |    21 |    10 |       ||    31
       Scale mail        |       |     9 |    26 ||    35
       Plate armour      |       |       |    50 ||    50
Dodge: Dodged            |    55 |    80 |    74 ||   209
Block: Buckler           |       |       |     8 ||     8

Table legend:
 A = Spawn XP
 B = Non-spawn XP
 C = Spawn XP percentage of total XP
 D = Spawn monster count
 E = Non-spawn monster count
 F = Spawn count percentage of total count
 G = Total turns spent on level
                    A         B        C        D         E        F      G
               +---------+---------+-------+---------+---------+-------+---------
         Total |       0 |    2949 |   0.0 |       0 |     161 |   0.0 |  8923
               +---------+---------+-------+---------+---------+-------+---------
           D:1 |       0 |      48 |   0.0 |       0 |      26 |   0.0 |   860
           D:2 |       0 |      45 |   0.0 |       0 |      14 |   0.0 |   901
           D:3 |       0 |     250 |   0.0 |       0 |      31 |   0.0 |  2352
           D:4 |       0 |     733 |   0.0 |       0 |      27 |   0.0 |  1540
           D:5 |       0 |     730 |   0.0 |       0 |      37 |   0.0 |  1308
           D:6 |       0 |     322 |   0.0 |       0 |       8 |   0.0 |   896
           D:7 |       0 |     694 |   0.0 |       0 |      13 |   0.0 |  1025
           D:8 |       0 |     127 |   0.0 |       0 |       5 |   0.0 |    41
               +---------+---------+-------+---------+---------+-------+---------
